 Dungeon Crawl Stone Soup version 0.29.0-4-gdea44cf6ec (webtiles) character file.

Game seed: 14738689592483944022

7 gelatine the Magician (level 1, -1/13 HPs)
             Began as a Demonspawn Hedge Wizard on Aug 27, 2022.
             Slain by a dart slug (2 damage)
             ... on level 1 of the Dungeon.
             The game lasted 00:00:39 (79 turns).

gelatine the Magician (Demonspawn Hedge Wizard)       Turns: 79, Time: 00:00:39

Health: -1/13      AC:  2    Str: 10    XL:     1   Next: 83%
Magic:  0/4        EV: 12    Int: 15    God:
Gold:   13         SH:  0    Dex: 12    Spells: 5/6 levels left

rFire   . . .      SeeInvis .   a - +0 dagger
rCold   . . .      Faith    .   (no shield)
rNeg    . . .      Spirit   .   b - +0 robe
rPois   .          Reflect  .   c - +0 hat
rElec   .          Harm     .   (no cloak)
rCorr   .          Rampage  .   (no gloves)
Will    .....                   (no boots)
Stlth   ++........              (no amulet)
HPRegen 0.04/turn               (no ring)
MPRegen 0.09/turn               (no ring)

@: no status effects
A: no striking features
a: no special abilities


You were on level 1 of the Dungeon.
You visited 1 branch of the dungeon, and saw 1 of its levels.

You collected 13 gold pieces.

Inventory:

Hand Weapons
 a - a +0 dagger (weapon)
Armour
 b - a +0 robe (worn)
 c - a +0 hat (worn)
Potions
 d - a potion of magic


   Skills:
 + Level 0.1 Short Blades
 + Level 1.7 Dodging
 + Level 1.8 Stealth
 + Level 3.3 Spellcasting
 + Level 1.0 Conjurations
 + Level 1.0 Summonings
 + Level 0.8 Translocations


You had 5 spell levels left.
You knew the following spells:

 Your Spells              Type           Power      Damage    Failure   Level
a - Magic Dart            Conj           20%        1d4       13%         1

Your spell library contained the following spells:

 Spells                   Type           Power      Damage    Failure   Level
 Slow                     Hex            8%         N/A       19%         1
 Call Imp                 Summ           5%         N/A       19%         2
 Blink                    Tloc           10%        N/A       21%         2
 Conjure Flame            Conj/Fire      4%         6-21      43%         3
 Mephitic Cloud           Conj/Pois/Air  3%         N/A       45%         3


Dungeon Overview and Level Annotations

Branches:
Dungeon (1/15)

Altars:


Message History

You closely miss the hobgoblin.
The hobgoblin is heavily wounded.
The hobgoblin misses you.
You hit the hobgoblin.
You kill the hobgoblin!
You are too injured to fight recklessly!
Casting: Magic Dart (safe; 13% risk of failure)
Confirm with . or Enter, or press ? or * to list all spells.
Aiming: Magic Dart (safe; 13% risk of failure)
Press: ? - help, Shift-Dir - straight line, f - endoplasm
Aim: an endoplasm (100% to hit)
The magic dart hits the endoplasm.
The endoplasm is severely wounded.
The bat barely misses you. The bat hits you but does no damage.
You barely miss the bat. You punch the bat, but do no damage.
The bat closely misses you.
You hit the endoplasm.
You kill the endoplasm!
The bat closely misses you. The bat hits you but does no damage.
You barely miss the bat. The bat hits you.
Casting: Magic Dart (safe; 13% risk of failure)
Confirm with . or Enter, or press ? or * to list all spells.
Aiming: Magic Dart (safe; 13% risk of failure)
Press: ? - help, Shift-Dir - straight line, f - dart slug
Aim: a dart slug (100% to hit)
The magic dart hits the dart slug but does no damage.
The bat barely misses you.
You hit the dart slug.
The dart slug is moderately wounded.
The bat hits you. x2
* * * LOW HITPOINT WARNING * * *
You closely miss the bat. The bat hits you.
* * * LOW HITPOINT WARNING * * *
The dart slug misses you.
You hit the dart slug.
The dart slug is moderately wounded.
The bat hits you.
* * * LOW HITPOINT WARNING * * *
The dart slug bites you.
You die...

.$.......##
###...#
........##
#######
##.#..#..# ...
#....##.# ###....
##....#.##.......
#.#.......##....
..#......b......
#..#..._...#.....
.....8.8@## ####
#..#...†w.#
.......##†.#
......# #..#
..... #.... ....
...... ...
#.#..#.. . ..#.##
# .....


You could see a dart slug and a bat.

Vanquished Creatures
  A dart slug (D:1)
  An endoplasm (D:1)
  A hobgoblin (D:1)
  A frilled lizard (D:1)
  A rat (D:1)
5 creatures vanquished.

Notes
Turn   | Place    | Note
-------+----------+-------------------------------------------
     0 | D:1      | gelatine the Demonspawn Hedge Wizard began the quest for
                  | the Orb.
     0 | D:1      | Reached XP level 1. HP: 13/13 MP: 4/4
    17 | D:1      | Found a faded altar of an unknown god.
    79 | D:1      | Slain by a dart slug

Illustrated notes

Levels and vault maps discovered:
D:1:      dpeg_arrival_tiny_g, layout_rooms, dreamdust_ecumenical_altar_statues

Action                   || total
-------------------------++-------
Melee: Dagger            ||    17
       Punch             ||     1
 Cast: Magic Dart        ||     7
Armor: Robe              ||     2
Dodge: Dodged            ||    19
